 Dungeon Crawl Stone Soup version 0.15-a0-225-ga4013df (webtiles) character file.

22315 coolblinger the Protected (level 12, -7/113 (115) HPs)
             Began as a Minotaur Berserker on Apr 10, 2014.
             Was a High Priest of Trog.
             Killed from afar by a bog body (21 damage)
             ... with a bolt of cold
             ... on Level 1 of the Swamp on Apr 25, 2014.
             The game lasted 01:39:18 (13612 turns).

coolblinger the Protected (Minotaur Berserker)     Turns: 13612, Time: 01:39:20

HP  -7/113 (115) AC 17     Str 28      XL: 12   Next: 56%
MP  12/12        EV 11     Int  4      God: Trog [*****.]
Gold 623         SH  0     Dex  9      Spells:  0 memorised, 11 levels left

rFire  + + +     SeeInvis .     y - +9,+6 lance "Wyrmbane" {slay drac, +Rage rPois rF+ AC+5}
rCold  x . .     Clarity  .     q - +1 scale mail
rNeg   . . .     Conserve .     (no shield)
rPois  +         rCorr    .     (helmet restricted)
rElec  .         rRot     .     (no cloak)
SustAb . .       Spirit   .     T - +0 pair of gloves
rMut   +         Warding  .     (no boots)
Saprov . . .     Stasis   .     n - amulet of resist mutation
MR     ++...                    r - ring of protection from fire
                                e - ring of fire

@: recuperating, exhausted, diseased, rotting, slowed, retching, very slow, very
resistant to hostile enchantments, extremely unstealthy
A: retaliatory headbutt, horns 2
a: Burn Spellbooks, Berserk, Trog's Hand, Brothers in Arms, Renounce Religion,
Evoke Berserk Rage


You were on level 1 of the Swamp.
You worshipped Trog.
Trog was extremely pleased with you.
You were not hungry.

You visited 3 branches of the dungeon, and saw 14 of its levels.
You also visited: Sewer.

You collected 623 gold pieces.

Inventory:

Hand weapons
 a - a +2,+2 spear
 y - the +9,+6 lance "Wyrmbane" (weapon) {slay drac, +Rage rPois rF+ AC+5}
   (You found it on level 4 of the Dungeon)

   This legendary weapon is deadly to all dragonkind.
   It affects your AC (+5).
   It protects you from fire.
   It protects you from poison.
   It lets you go berserk.
 A - a +1,+1 crossbow of flame
 F - a +3,+4 trident of venom
 J - a +3,+3 dagger of venom
Missiles
 m - 5 poisoned tomahawks (quivered)
Armour
 b - a +0 animal skin
 k - a +2 leather armour of fire resistance
 q - a +1 scale mail (worn)
 D - a +0 plate armour
 T - a +0 pair of gloves (worn)
Magical devices
 f - a wand of frost (11)
 u - a wand of digging (7)
 I - a wand of enslavement (22)
 R - a wand of frost (16)
 S - a wand of lightning (6)
Comestibles
 c - 6 bread rations
 g - 2 chokos
 l - 2 rotting chunks of alligator flesh
 z - 5 meat rations
 B - 2 pears
 G - 6 apples
 K - 2 beef jerkies
 N - 9 cheeses
 V - 6 strawberries
Scrolls
 d - 11 scrolls of identify
 p - 4 scrolls of teleportation
 v - 5 scrolls of magic mapping
 w - 4 scrolls of recharging
 C - 9 scrolls of remove curse
 E - 5 scrolls of enchant weapon I
 M - 4 scrolls of fog
Jewellery
 e - a ring of fire (left hand)
 n - an amulet of resist mutation (around neck)
 r - a ring of protection from fire (right hand)
 Q - an uncursed ring of magical power
 X - an uncursed ring of ice
Potions
 h - 9 potions of curing
 i - 3 potions of brilliance
 j - 5 potions of might
 o - a potion of invisibility
 s - 4 potions of agility
 t - 3 potions of heal wounds
 x - a potion of restore abilities
 L - 2 potions of haste
Miscellaneous
 H - a box of beasts


   Skills:
 * Level 13.4 Fighting
 - Level 12.0 Polearms
 * Level 13.6 Armour
 + Level 9.0 Dodging
 + Level 3.4 Stealth
 + Level 3.7 Evocations


You had 11 spell levels left.
You didn't know any spells.

Dungeon Overview and Level Annotations

Branches:
Dungeon (9/15)             Temple (0/1) D:6            Lair (4/8) D:9
  Swamp (1/5) Lair:4        Snake (0/5) Lair:4
    Orc: D:9-12

Altars:
Cheibriados
Elyvilon
Fedhas
Makhleb
Yredelemnul
The Shining One

Shops:
D:6 (   D:7 *


Innate Abilities, Weirdness & Mutations

You reflexively headbutt those who attack you in melee.
You have a pair of horns on your head.


Message History

Your Dodging skill increases to level 9!
You feel your flesh rotting away.
You are no longer berserk.
You are exhausted.
You feel yourself slow down. Why would you want to do that?
You see here a plague shambler skeleton.
You are too injured to fight recklessly!
The plague shambler hits you!
* * * LOW HITPOINT WARNING * * *
You feel violently ill.
You can't gag anything down in your present state!
You can't gag anything down in your present state!
Use which ability? (? or * to list)
Your skin crawls.
You feel resistant to hostile enchantments.
You feel slightly more hungry.
The bog body gestures at you while chanting.
The bolt of cold hits you!
You feel a terrible chill!
You die...

♣≈.♣♣♣♣♣.≈♣≈..≈♣♣♣♣♣♣
♣≈≈≈>n>≈≈≈♣≈≈≈≈.♣♣≈§♣♣ ♣≈.
♣♣♣.≈♣≈≈≈≈.....≈.
♣♣♣♣≈♣♣♣≈.≈♣♣≈≈≈≈..≈.≈≈.
♣♣.♣♣..≈≈n≈.♣♣≈≈≈.♣≈≈≈≈≈? ≈♣♣
♣≈.♣♣♣.≈.§.♣♣f.≈...≈≈≈≈≈.
≈≈≈.♣♣♣.≈≈.♣♣n§♣♣♣♣♣.....≈≈≈≈≈.
♣.....≈.≈≈≈≈.n§≈≈.....≈..≈≈≈≈..
♣≈.≈≈.♣♣..≈≈≈.@....≈≈≈.(≈≈≈≈≈≈.
♣≈≈≈.≈§..≈≈≈.♣♣....≈≈≈≈≈≈≈≈≈≈.
♣.§≈≈...≈≈..♣♣♣..≈.≈≈≈≈≈≈...≈.
♣♣.≈≈≈≈≈≈≈≈.♣♣ ♣♣≈♣.≈...≈≈≈≈...
≈..≈≈≈≈≈≈≈...≈♣ ♣♣♣.≈≈..≈≈≈≈.[.
.≈≈≈≈≈≈≈≈≈.§≈.♣ ♣♣...≈≈..f≈≈≈≈%.
.≈≈≈≈.≈≈≈≈≈≈≈..♣♣♣≈≈≈≈≈.≈♣♣♣♣...≈
.≈≈≈≈.≈≈≈..≈...♣..≈≈≈≈.♣♣♣ ♣♣♣♣♣
♣.....≈≈......♣♣≈.≈≈≈.♣♣


You could see 2 plague shamblers and a bog body.

Vanquished Creatures
  Rupert (Swamp:1)
  A ghoul (Swamp:1)
  A death yak (D:9)
  An alligator (Swamp:1)
  2 plague shamblers (Swamp:1)
  Joseph (D:8)
  A cyclops (D:8)
  3 elephants (Lair:2)
  A black mamba (Lair:4)
  A smoke demon (Swamp:1)
  2 spiny frogs
  A fire drake (Lair:4)
  4 komodo dragons
  A hydra zombie (D:9)
  A troll (D:9)
  A blue devil (Swamp:1)
  4 bog bodies (Swamp:1)
  Prince Ribbit (D:8)
  4 blink frogs (Lair:2)
  8 yaks
  A wyvern (Lair:4)
  3 fire bats (Lair:2)
  Eustachio (D:9)
  A human (D:7)
  A shark (Lair:4)
  2 hippogriffs
  2 vampire mosquitoes (Swamp:1)
  A hog (D:7)
  A hungry ghost (D:9)
  2 swamp worms (Swamp:1)
  Edmund (D:6)
  A wolf (Lair:4)
  3 ice beasts
  5 water moccasins
  2 porcupines
  An orc warrior (D:5)
  2 black bears
  A phantom (D:9)
  5 ogres
  8 crocodiles
  3 centaurs
  2 big kobolds
  2 giant slugs
  10 giant frogs
  A gnoll sergeant (D:7)
  A wyvern zombie (D:6)
  7 insubstantial wisps (Swamp:1)
  5 wights (D:6)
  5 scorpions
  A troll skeleton (D:9)
  A jelly (D:9)
  A centaur zombie (D:5)
  A quasit (D:5)
  A big fish (Swamp:1)
  5 killer bees (D:7)
  6 hounds
  8 orc priests
  2 crimson imps
  7 iguanas
  4 orc wizards
  7 worker ants
  4 orange rats (D:9)
  14 sheep
  3 worker ant zombies
  18 adders
  6 gnolls
  5 green rats
  An orc zombie (D:8)
  2 shadow imps
  5 giant mites
  7 worms
  An adder skeleton (D:6)
  An iguana skeleton (D:8)
  3 giant eyeballs
  4 giant geckos
  2 oozes
  29 orcs
  10 ball pythons
  A bat skeleton (D:6)
  5 giant cockroaches
  21 goblins
  14 hobgoblins
  22 jackals
  28 kobolds
  9 quokkas
  25 bats
  8 giant newts
  A giant spore (D:7)
  A gnoll skeleton (D:4)
  A goblin skeleton (D:4)
  A kobold skeleton (D:4)
  A kobold zombie (D:7)
  2 orc skeletons (D:6)
  42 rats
  A rat skeleton (D:3)
  A rat zombie (D:8)
  A butterfly (Lair:1)
  A plant (Lair:1)
465 creatures vanquished.

Vanquished Creatures (collateral kills)
  Fannar (Lair:2)
  Erolcha (D:8)
  A bog body (Swamp:1)
  A swamp worm (Swamp:1)
4 creatures vanquished.

Vanquished Creatures (others)
  A troll (Swamp:1)
  A giant eyeball (D:7)
  A fungus (Lair:1)
3 creatures vanquished.

Grand Total: 472 creatures vanquished

Notes
Turn   | Place    | Note
--------------------------------------------------------------
     0 | D:1      | coolblinger, the Minotaur Berserker, began the quest for the Orb.
     0 | D:1      | Reached XP level 1. HP: 19/19 MP: 1/1
   149 | D:1      | Reached XP level 2. HP: 24/27 MP: 1/1
   234 | D:1      | Reached skill level 4 in Fighting
   657 | D:1      | Acquired Trog's second power
   660 | D:1      | Reached XP level 3. HP: 23/33 MP: 2/2
  1226 | D:2      | Found a white marble altar of Elyvilon.
  1345 | D:2      | Reached XP level 4. HP: 33/41 MP: 2/2
  1870 | D:3      | Reached skill level 5 in Fighting
  1956 | D:3      | Reached XP level 5. HP: 10/48 MP: 2/2
  2215 | D:3      | Reached skill level 5 in Polearms
  2218 | D:3      | Found a glowing drain.
  2229 | Sewer    | Entered a sewer
  2588 | Sewer    | Acquired Trog's third power
  2588 | Sewer    | Reached XP level 6. HP: 56/56 MP: 3/3
  2976 | Sewer    | Reached skill level 6 in Fighting
  3588 | D:4      | Reached skill level 5 in Armour
  3696 | D:4      | Reached XP level 7. HP: 63/63 MP: 3/3
  3725 | D:4      | Found a glowing golden altar of the Shining One.
  4087 | D:4      | Found a blossoming altar of Fedhas.
  4498 | D:4      | Upgraded the game from 0.15-a0-110-gb05c47c to 0.15-a0-123-geffbfde
  4585 | D:5      | Entered Level 5 of the Dungeon
  4612 | D:5      | Paralysed by a giant eyeball for 4 turns
  4659 | D:5      | Reached skill level 7 in Fighting
  4726 | D:5      | Reached XP level 8. HP: 67/73 MP: 3/3
  5376 | D:5      | Paralysed by a giant eyeball for 2 turns
  5448 | D:5      | Received a gift from Trog
  5940 | D:6      | Found Xaodgh's Weapon Emporium.
  5975 | D:6      | Reached skill level 8 in Fighting
  6027 | D:6      | Reached skill level 5 in Dodging
  6029 | D:6      | Reached XP level 9. HP: 82/82 MP: 4/4
  6114 | D:6      | Noticed Edmund
  6122 | D:6      | Killed Edmund
  6296 | D:6      | Found a staircase to the Ecumenical Temple.
  6515 | D:7      | Reached skill level 9 in Fighting
  6725 | D:7      | Found Otausheo's Assorted Antiques.
  6762 | D:7      | Found a snail-covered altar of Cheibriados.
  6762 | D:7      | Found a basalt altar of Yredelemnul.
  6821 | D:7      | Paralysed by a giant eyeball for 3 turns
  6898 | D:7      | Found a burning altar of Makhleb.
  7121 | D:7      | Received a gift from Trog
  7183 | D:8      | Noticed Prince Ribbit
  7193 | D:8      | Killed Prince Ribbit
  7194 | D:8      | Paralysed by a potion of paralysis for 2 turns
  7245 | D:8      | Noticed Joseph
  7259 | D:8      | Killed Joseph
  7259 | D:8      | Reached skill level 10 in Fighting
  7259 | D:8      | Reached XP level 10. HP: 66/93 MP: 4/4
  7413 | D:8      | Noticed a cyclops
  7426 | D:8      | Killed a cyclops
  7426 | D:8      | Reached skill level 10 in Polearms
  7426 | D:8      | Reached skill level 10 in Armour
  7726 | D:8      | Noticed Erolcha
  7732 | D:8      | Killed Erolcha
  7890 | D:9      | Found a staircase to the Lair.
  7893 | D:9      | Noticed a death yak
  7930 | D:9      | Killed a death yak
  8278 | D:9      | Noticed Eustachio
  8286 | D:9      | Killed Eustachio
  8286 | D:9      | Reached skill level 11 in Fighting
  8649 | Lair:1   | Entered Level 1 of the Lair of Beasts
  8669 | Lair:1   | Reached XP level 11. HP: 58/102 MP: 4/4
  8880 | Lair:1   | Upgraded the game from 0.15-a0-123-geffbfde to 0.15-a0-225-ga4013df
  9857 | Lair:2   | Found a dark tunnel.
  9948 | Lair:2   | Received a gift from Trog
  9948 | Lair:2   | Reached skill level 12 in Polearms
 10097 | Lair:2   | Found a burning altar of Makhleb.
 10238 | Lair:2   | Reached skill level 1 in Evocations
 10262 | Lair:2   | Reached skill level 1 in Stealth
 10522 | Lair:2   | Noticed Fannar
 10544 | Lair:2   | Killed Fannar
 10993 | Lair:3   | Paralysed by a potion of paralysis for 4 turns
 11897 | Lair:4   | Found a staircase to the Snake Pit.
 12167 | Lair:4   | Reached XP level 12. HP: 92/113 MP: 9/9
 12350 | Lair:4   | Found a staircase to the Swamp.
 12363 | Swamp:1  | Entered Level 1 of the Swamp
 12375 | Swamp:1  | Noticed Rupert
 12407 | Swamp:1  | Killed Rupert
 12423 | Swamp:1  | Reached skill level 13 in Armour
 13589 | Swamp:1  | Noticed a ghoul
 13608 | Swamp:1  | Killed a ghoul
 13612 | Swamp:1  | Killed from afar by a bog body

Action                   |  1- 3 |  4- 6 |  7- 9 | 10-12 || total
-------------------------+-------+-------+-------+-------++-------
Melee: Spear             |   123 |   289 |    84 |       ||   496
       Lance             |       |       |   338 |   701 ||  1039
Invok: Berserk           |       |     2 |     1 |     1 ||     4
       Burn Spellbooks   |       |       |     1 |     4 ||     5
       Brothers in Arms  |       |       |       |     4 ||     4
       Trog's Hand       |       |       |       |     1 ||     1
 Abil: Evoke Berserk Rag |       |       |     2 |     3 ||     5
Evoke: Wand              |       |       |     1 |     3 ||     4
  Use: Scroll            |     2 |     6 |     3 |    10 ||    21
       Potion            |     1 |     3 |     2 |    15 ||    21
 Stab: Sleeping          |       |       |       |     1 ||     1
